Cogmind - Beta 13 @@@ ROGUE MODE // 2024.04.29 @ 11:06:10 Player: Retknock Result: Destroyed by G-47 Trooper with Particle Gun Performance ------------- Evolutions (2) 1000 Regions Visited (3) 600 Robots Destroyed (75) 375 Value Destroyed (2453) 2453 Prototype IDs (0) 0 Alien Tech Used (0) 0 Bonus (90) 90 TOTAL SCORE: 4518 Bonus ------- High Alert Combat Kills 120 Friendly Fire -30 Cogmind --------- Core Integrity 0/550 Matter 355/400 Energy 30/100 System Corruption 0% Temperature Warm (108) Movement Core (450) Ox8 Location -8/Materials Parts ------- > --- POWER (2) -------- (None) > --- PROPULSION (2) --- (None) > --- UTILITY (5) ------ Medium Storage Unit Medium Matter Pod Targeting Computer Armor Integrity Analyzer Hardened Medium Armor Plating > --- WEAPON (2) ------- Pulse Rifle High-powered Shotgun > --- INVENTORY (10) --- Light Nuclear Core Light Nuclear Core Improved Heat Sink Medium Storage Unit Armor Integrity Analyzer Peak State ------------ > --- POWER ------------ Ion Engine Light Deuterium Engine > --- PROPULSION ------- Makeshift Leg Myomer Leg > --- UTILITY ---------- Heat Sink Medium Storage Unit Medium Matter Pod Scrap Shield > --- WEAPON ----------- High-powered Shotgun High-powered Shotgun > --- INVENTORY -------- Light Treads Light Treads Light Treads Makeshift Leg Medium Storage Unit Hardlight Generator Pulse Rifle EM Pulse Cannon Beam Cannon [Rating: 29] Favorites ----------- Power Light Ion Engine Engine Light Ion Engine Power Core Nuclear Core Propulsion Light Treads Treads Light Treads Leg Makeshift Leg Utility Medium Matter Pod Device Heat Sink Storage Medium Matter Pod Processor Targeting Computer Protection Scrap Shield Weapon Grenade Launcher Energy Gun Medium Laser Energy Cannon Beam Cannon Ballistic Gun High-powered Shotgun Ballistic Cannon Battle Cannon Launcher Grenade Launcher Build | -11 -10 -10 -8 ------- Run | Yrd Mat Sub Mat Slots Evolved 4 | . . . 4 Power 1 | . . . 1 Propulsion . | . . . . Utility 3 | . . . 3 Weapon . | . . . . Parts Attached 60 | 6 11 12 31 Power 12 | 1 2 3 6 Engine 11 | 1 2 3 5 Core 1 | . . . 1 Reactor . | . . . . Propulsion 11 | 2 2 1 6 Treads 7 | 2 2 1 2 Leg 4 | . . . 4 Wheel . | . . . . Hover . | . . . . Flight . | . . . . Utility 14 | 1 2 3 8 Device 3 | . . . 3 Storage 7 | 1 2 3 1 Processor 2 | . . . 2 Hackware . | . . . . Protection 2 | . . . 2 Artifact . | . . . . Weapon 23 | 2 5 5 11 Energy Gun 6 | 2 . . 4 Energy Cannon 4 | . 1 1 2 Ballistic Gun 8 | . 1 2 5 Ballistic Cannon 1 | . . 1 . Launcher 4 | . 3 1 . Special Weapon . | . . . . Impact Weapon . | . . . . Slashing Weapon . | . . . . Piercing Weapon . | . . . . Special Melee Weapon . | . . . . Unidentified Prototypes . | . . . . Parts Lost 22 | . 2 4 16 Power 7 | . 1 1 5 Propulsion 5 | . . . 5 Utility 3 | . . . 3 Weapon 7 | . 1 3 3 Highest Loss Streak 9 | . 1 2 9 To Critical Strikes 1 | . . . 1 Average Slot Usage (%) 95 | . 98 98 85 Engine 13 | . 13 12 15 Treads 21 | . 28 28 4 Leg 2 | . . . 11 Device 2 | . . . 8 Storage 25 | . 27 28 18 Processor 1 | . . . 4 Protection 1 | . . . 4 Energy Gun 4 | . 7 . 5 Energy Cannon 1 | . 1 . 4 Ballistic Gun 5 | . 1 7 7 Ballistic Cannon 3 | . . 10 . Launcher 9 | . 16 9 . Naked Turns . | . . . . Heaviest Build 48 | 11 21 24 48 Greatest Support 45 | 40 40 40 45 Greatest Overweight (x) 1 | . . . 1 Average Overweight (x) . | . . . . Largest Inventory Capacity 10 | 8 10 10 10 Average Capacity 9 | 7 9 10 10 Most Carried 10 | 6 10 10 10 Average Carried 8 | 4 8 9 8 Final Capacity 10 | 8 10 10 10 Final Carried 10 | 6 10 9 5 Class Distribution -------------------- 84% | Mutant 13% | Scavenger-Mutant Dominant Class ---------------- Mutant | -10/Materials Mutant | -10/Subcaves Scavenger-Mutant | -8/Materials Resources | -11 -10 -10 -8 ----------- Run | Yrd Mat Sub Mat Matter Collected 1604 | 211 399 542 452 Remotely . | . . . . Salvage Created 2184 | . 441 545 1198 Parts 130 | . 32 37 61 Haulers Intercepted 1 | . . . 1 Recyclers Shooed 4 | . 1 . 3 Parts Field Recycled . | . . . . Retrieved Matter . | . . . . Parts Self-Destructed 18 | . . 18 . Prevented . | . . . . Kills | -11 -10 -10 -8 ------- Run | Yrd Mat Sub Mat Combat Hostiles Destroyed 60 | . 14 22 24 Guns 28 | . 3 4 21 Cannons 10 | . 2 6 2 AOE 22 | . 9 12 1 Classes Destroyed 14 | . 5 1 8 Worker 2 | . . . 2 Builder 2 | . . . 2 Hauler 1 | . . . 1 Recycler 2 | . 1 . 1 Operator 2 | . 2 . . Watcher 6 | . 3 . 3 Swarmer 13 | . 6 3 4 Grunt 17 | . 8 . 9 Brawler 1 | . . . 1 Sentry 2 | . . . 2 Specialist 6 | . . . 6 Hunter 1 | . . . 1 Heavy 1 | . . . 1 Subdweller 19 | . . 19 . Best Kill Streak 12 | . 8 12 5 Combat Bots Only 12 | . 7 12 4 Max Kills in Single Turn 3 | . 2 3 2 Gunslinging . | . . . . Exploded 3 | . 2 3 1 Melee . | . . . . Uniques/NPCs Destroyed . | . . . . Combat | -11 -10 -10 -8 -------- Run | Yrd Mat Sub Mat Hostile Shots Fired 267 | . 39 57 171 Missed 66 | . 10 20 36 Damage Taken 3356 | . 452 750 2154 Core 715 | . 56 95 564 Absorbed by Shields 96 | . . . 96 Regen/Repaired (Parts) 138 | . 138 . . Core Remaining (%) 69 | 100 . 39 . Volleys Fired 140 | . 27 36 77 Largest 2 | . 2 2 2 Hottest 126 | . 110 69 126 Shots Fired 269 | . 49 71 149 Gun 174 | . 25 27 122 Cannon 54 | . 4 23 27 Launcher 41 | . 20 21 . Special . | . . . . Kinetic 109 | . . 50 59 Thermal 96 | . 29 . 67 Explosive 41 | . 20 21 . Electromagnetic 23 | . . . 23 Robot Hit Streak 27 | . 6 27 15 Robot Miss Streak 5 | . 3 4 5 Penetration Max . | . . . . Secondary Targets 2 | . . . 2 Max Gunslinging Chain 1 | . . . 1 Shots Hit Robots 183 | . 24 52 107 Core Hits 126 | . 34 36 56 Critical Kills . | . . . . Critical Parts Destroyed . | . . . . Critical Strikes 4 | . . 1 3 Burn 3 | . . . 3 Blast 1 | . . 1 . Melee Attacks . | . . . . Impact . | . . . . Slashing . | . . . . Piercing . | . . . . Sneak Attacks . | . . . . Combat Hostiles . | . . . . Follow-up Attacks . | . . . . Damage Inflicted 5677 | . 1161 2034 2482 Guns 2163 | . 210 294 1659 Cannons 827 | . 36 377 414 Explosions 2649 | . 915 1363 371 Melee . | . . . . Ramming 38 | . . . 38 Kinetic 1474 | . . 671 803 Thermal 1507 | . 246 . 1261 Explosive 2248 | . 885 1363 . Electromagnetic 410 | . 30 . 380 Impact . | . . . . Slashing . | . . . . Piercing . | . . . . Highest Corruption 1 | . 1 1 . Average Corruption 1 | . 1 1 . Corruption Purged . | . . . . Corruption Blocked . | . . . . Effects 18 | . 4 14 . Message Errors 3 | . . 3 . Matter Fused 4 | . . 4 . Heat Flow Errors 1 | . . 1 . Energy Discharges 3 | . . 3 . Data Loss (minor) 5 | . 3 2 . Misfires 1 | . . 1 . Alerts 1 | . 1 . . Overload Shots . | . . . . Overflow Damage 48 | . 15 . 33 Projectiles 33 | . . . 33 Explosions 15 | . 15 . . Melee . | . . . . Knockbacks 6 | . . 6 . Impact . | . . . . Kinetic 6 | . . 6 . Secondary . | . . . . Self-Inflicted Damage 266 | . 138 58 70 Shots 12 | . 6 4 2 Rammed 1 | . . . 1 Targets Rammed 5 | . . . 5 Kicked 4 | . . . 4 Crushed . | . . . . Highest Temperature 243 | . 243 179 180 Average Temperature 59 | . 63 101 55 Received Heat Transfer 1046 | . 138 105 803 Siege Activations . | . . . . Robots Corrupted . | . . . . Combat Hostiles . | . . . . Parts Fried 3 | . . . 3 Impact Corruptions . | . . . . Robots Melted . | . . . . Combat Hostiles . | . . . . Parts Melted 1 | . . . 1 Heat Transferred 3124 | . 691 . 2433 Parts Sabotaged . | . . . . Parts Stolen . | . . . . Parts Stripped . | . . . . Power Chain Reactions 2 | . . . 2 Alert | -11 -10 -10 -8 ------- Run | Yrd Mat Sub Mat Peak Influence 595 | . 320 . 595 Initial 88 | . . . 88 Average 213 | . 198 . 290 Maximum Alert Level 2 | . 1 . 2 Low Security (%) 41 | 100 40 . 27 Level 1 51 | . 59 . 54 Level 2 6 | . . . 18 Level 3 . | . . . . Level 4 . | . . . . Level 5 . | . . . . High Security . | . . . . Max Security . | . . . . Squads Dispatched 7 | . 2 . 5 Investigation . | . . . . Extermination . | . . . . Reinforcement 7 | . 2 . 5 Assault . | . . . . Garrison . | . . . . Intercept . | . . . . Searches Triggered . | . . . . Construction Impeded . | . . . . Haulers Reinforced . | . . . . Active Scanning Responses . | . . . . Cargo Convoy Interrupts . | . . . . Stealth | -11 -10 -10 -8 --------- Run | Yrd Mat Sub Mat Distress Signals 3 | . . . 3 Communications Jammed . | . . . . Distress Signals . | . . . . Times Spotted 79 | . 18 26 35 Peak Tracking Total 5 | . 4 5 5 Tactical Retreats 4 | . 1 2 1 Traps | -11 -10 -10 -8 ------- Run | Yrd Mat Sub Mat Traps Triggered 1 | . 1 . . Indirectly . | . . . . Trap Hack Attempts . | . . . . Triggered . | . . . . Disarmed . | . . . . Reprogrammed . | . . . . Reused . | . . . . Traps Extracted . | . . . . Installed . | . . . . Triggered . | . . . . Machines | -11 -10 -10 -8 ---------- Run | Yrd Mat Sub Mat Machines Disabled 8 | . 3 . 5 Max in Single Turn 4 | . 2 . 4 Machines Repaired . | . . . . Machines Dismantled . | . . . . Machines Sabotaged . | . . . . Overloaded Fab Kills . | . . . . Hacking | -11 -10 -10 -8 --------- Run | Yrd Mat Sub Mat Machines Accessed 4 | . 3 . 1 Terminals 3 | . 2 . 1 Fabricators . | . . . . Repair Stations 1 | . 1 . . Recycling Units . | . . . . Scanalyzers . | . . . . Garrison Access . | . . . . Total Hacks 12 | . 10 . 2 Successful 6 | . 5 . 1 Failed 6 | . 5 . 1 Catastrophic . | . . . . Database Lockouts . | . . . . Manual . | . . . . Terminals 9 | . 7 . 2 Fabricators . | . . . . Repair Stations 3 | . 3 . . Recycling Units . | . . . . Scanalyzers . | . . . . Garrison Access . | . . . . Terminal Hacks 4 | . 3 . 1 Record 2 | . 1 . 1 Locate Traps 1 | . 1 . . Zone Layout 1 | . 1 . . Fabricator Hacks . | . . . . Repair Station Hacks 2 | . 2 . . Scan Component 1 | . 1 . . Repair 1 | . 1 . . Recycling Unit Hacks . | . . . . Scanalyzer . | . . . . Garrison Access Hacks . | . . . . Unauthorized Hacks . | . . . . Terminals . | . . . . Fabricators . | . . . . Repair Stations . | . . . . Recycling Units . | . . . . Scanalyzers . | . . . . Garrison Access . | . . . . Data Cores Recovered . | . . . . Used . | . . . . Hacking Detections 4 | . 3 . 1 Full Trace Events 1 | . 1 . . Feedback Events . | . . . . Feedback Blocked . | . . . . Robot Schematics Acquired . | . . . . Robots Built . | . . . . Authchips . | . . . . Time . | . . . . Total Robot Build Rating . | . . . . Part Schematics Acquired . | . . . . Parts Built . | . . . . Authchips . | . . . . Time . | . . . . Total Part Build Rating . | . . . . Parts Repaired 1 | . 1 . . Time 26 | . 26 . . Parts Recycled . | . . . . Recycled Matter . | . . . . Retrieved Matter . | . . . . Retrieved Components . | . . . . Parts Scanalyzed . | . . . . Part Schematics Acquired . | . . . . Parts Damaged . | . . . . Bothacking | -11 -10 -10 -8 ------------ Run | Yrd Mat Sub Mat Used RIF Installer . | . . . . Robots Hacked . | . . . . Non-combat . | . . . . Combat . | . . . . Robot Hacks Applied . | . . . . Relay Couplers Released . | . . . . Fabnet Peak Effective % . | . . . . Robots Rewired . | . . . . Allies Hacked . | . . . . Hacks Repelled . | . . . . Allies | -11 -10 -10 -8 -------- Run | Yrd Mat Sub Mat Total Allies . | . . . . Largest Group . | . . . . Highest-Rated Group . | . . . . Highest-Rated Ally . | . . . . Total Orders . | . . . . Ally Attacks . | . . . . Total Damage . | . . . . Kills . | . . . . Allies Corrupted . | . . . . Allies Melted . | . . . . Intel | -11 -10 -10 -8 ------- Run | Yrd Mat Sub Mat Robot Analysis Total . | . . . . Derelict Logs Recovered 2 | . . 2 . Drone Launches . | . . . . Drone Recoveries . | . . . . Exploration | -11 -10 -10 -8 ------------- Run | Yrd Mat Sub Mat Turns Passed 3388 | 214 1207 1147 820 Spaces Moved 1716 | 126 654 624 312 Core 7 | 7 . . . Treads 1458 | 119 654 624 61 Legs 251 | . . . 251 Wheels . | . . . . Hover . | . . . . Flight . | . . . . Fastest Speed 50 | 50 160 160 130 Average Speed 159 | 153 160 160 157 Slowest Speed 240 | 160 160 160 240 Overloaded Moves . | . . . . Propulsion Burnouts . | . . . . Robots Hopped . | . . . . Cave-ins Triggered . | . . . . Exploration Rate (%) 40 | 10 78 36 36 Regions Visited 3 Branch Regions 1 Pre-discovered Areas 1 | . . 1 . Known Exits Taken . | . . . . Unknown Exits Taken 3 | 1 1 1 . Scrap Searched 4 | . . 4 . Spaces Dug . | . . . . Terrain Destroyed 210 | . 110 76 24 Melee . | . . . . Projectile . | . . . . AOE 210 | . 110 76 24 Terrain Rammed . | . . . . Walls Destroyed . | . . . . Machines Disabled . | . . . . Actions | -11 -10 -10 -8 --------- Run | Yrd Mat Sub Mat Total 2118 | 146 772 709 491 Wait 80 | 3 37 15 25 Move 1713 | 125 653 623 312 Hop . | . . . . Pick Up 75 | 12 26 11 26 Fast Attach 1 | . 1 . . Attach 38 | 6 4 8 20 Detach 5 | . . 3 2 Swap 21 | . 6 4 11 Drop 40 | . 18 9 13 Fire 140 | . 27 36 77 Melee . | . . . . Ram . | . . . . Kick 4 | . . . 4 Crush 1 | . . . 1 Escape Stasis . | . . . . Rewire . | . . . . Trap . | . . . . Miscellaneous . | . . . . Route ------- -11/Scrapyard -10/Materials (discovered 5 exits: [*Mat x2] / [*Min x2] / [*Sub]) -10/Subcaves (discovered 3 exits: *Mat x2 / [*Rec]) -8/Materials (discovered 1 exit: [*Sto]) History --------- Turn | Location | Event 14 | -11/Scrapyard | Discovered new exit (range 16) 215 | -11/Scrapyard | Entered Materials 335 | -10/Materials | Build established: Mutant 429 | -10/Materials | Discovered new exit (range 16) 623 | -10/Materials | Discovered new exit (range 4) 695 | -10/Materials | Destroyed 7 combat bots 718 | -10/Materials | Discovered new exit (range 13) 783 | -10/Materials | Discovered new exit (range 10) 862 | -10/Materials | Repaired Lgt. Treads 1363 | -10/Materials | Discovered new exit (range 12) 1422 | -10/Materials | Entered Subcaves 1476 | -10/Subcaves | Ambushed by swarm of Subdwellers 1488 | -10/Subcaves | Ambushed by Subdweller buried in earth 1499 | -10/Subcaves | Ambushed by Subdweller buried in earth 1524 | -10/Subcaves | Lost 4 allies 1532 | -10/Subcaves | Destroyed 12 combat bots 1812 | -10/Subcaves | Learned Materials stockpile data 1831 | -10/Subcaves | Learned location of Zion (-7) 1872 | -10/Subcaves | A swath of the cavern ceiling suddenly collapsed 1924 | -10/Subcaves | Core integrity fell below 50% 2497 | -10/Subcaves | Shifting Twisted Machinery released Mak. Power Source 2497 | -10/Subcaves | Discovered new exit (range 15) 2502 | -10/Subcaves | Shifting Twisted Machinery released Sub. Laser 2553 | -10/Subcaves | Discovered new exit (range 13) 2553 | -10/Subcaves | Discovered new exit (range 11) 2569 | -10/Subcaves | Entered Materials 2569 | -8/Materials | Evolved 4 slots: Power x1, Utility x3 3317 | -8/Materials | Core integrity fell below 50% 3341 | -8/Materials | Discovered new exit (range 8) 3370 | -8/Materials | Core integrity fell below 20% 3389 | -8/Materials | Destroyed by G-47 Trooper with Particle Gun Last Messages --------------- 03363_ Nuclear Core destroyed. 03365_ Penetrated by Slug. 03365_ Knocked back. 03365_ R-06 Scavenger collects Beam Cannon. 03367_ Acquired 9 matter. 03368_ R-06 Scavenger collects VSS Leg. 03368_ K-01 Serf collects debris. 03369_ Knocked back. 03370_ Critical hit (Burn: +37). 03371_ Hpw. Shotgun destroyed. 03371_ Pulse Rifle destroyed. 03371_ Knocked back. 03372_ R-06 Scavenger collects Shotgun. 03375_ H-61 Shepherd destroyed. 03375_ Switching to secondary target: G-47 Trooper. 03376_ Critical hit (Burn: +37). 03378_ K-01 Serf collects debris. 03381_ Imp. Carbon-fiber Leg destroyed. 03381_ K-01 Serf collects debris. Map ----- +----------------------------------------------------+ | ?????????????????????????????????????????????????? | | ?????????????????????????????????????????????????? | | ?????????????????????????????????????????????????? | | ?????????????????????????????????????????????????? | | ?????????????????????????????????????????????????? | | ?????????????????????????????????????????????????? | | ?????????????????????????????????????????????????? | | ?????????????????????????????????????????????????? | | ?????????????????????????????????????????????????? | | ?????????????????????????????????????????????????? | | ?????????????????????????????????????????????????? | | ?????????????????????????????????????????????????? | | ?????????????????????????????????????????????????? | | ?????????????????????????????????????????????????? | | ?????????????????????????????????????????????????? | | ?????????????????????????????????????????????????? | | ?????????????????????????????????????????????????? | | ???????????????? ????????????????????????????????? | | ???????????????# ??##########????????????????????? | | ??????????????## ?? ????????????????????? | | ??????????????? ??? ?????????????????????? | | ???????????????? ???? ??????????????????????? | | ??????????????###+##### gg#??????????????????????? | | ??????????????# ## #?????#????????????????? | | ??????????????# """ ## #???""#????????????????? | | ??????????????# """ ##% @#?? ""#????????????????? | | ??????????????# " %## k ## T"#????????????????? | | ??????????????# +% *g%/ ""#????????????????? | | ???????#### ### " ##%%=## ""#????????????????? | | ???# + """ ####[##? #??????????####### | | ???# ### """ #??#=#??? #?????????? | | ???# ????????# #??# #?????#?????????# ||[ | | ??????????????# """ #??# #???????????????# ||[ | | ??????????????# """ #??# #???????????????# |[ | | ??????????????# =""" #??# #???????????????# ? | | ??????????????#= #?? ???????????????# "Y | | ??????????????###+###### < ?????########### ? "" | | ? ##### # # ?????# """ """ # ? ? | | ???# ####?????# """ """ #+##/### | | ???# ##+#####!# #????????# """ """ # | | ?????????# #=# #????????# % /% | | ?????????#""" ! +!#? ##????????# ! % # | | ?????????#""" #*#?###?????????# ####+### | | ?????????#""" #%############### # | | ?????????# !?#= + # """ | | ?????????# ?# ###################### """ | | ?????????#####??# #??????????# """T""" #!%""" | | ????????????????#= %#??????????# #% ! | | ????????????????"+"" "??????????# #= | | ????????????????* " "#?????????# **#=!"" | +----------------------------------------------------+ Best States ------------- Heat Dissipation 58 Energy Generation 23 Energy Capacity 290 Matter Stores 400 Matter Capacity 400 Sight Range 16 Terrain Scan Density 10 Armor Coverage 800 Evasion (%) 55 Targeting Accuracy 5 Armor Integrity Analysis 30 Recoil Reduction 2 Item Schematics ----------------- None Robot Schematics ------------------ None Fabricated ------------ Nothing Alien Tech Used ----------------- None Achievements -------------- Remodeling Challenges ------------ None Game ------ Seed FluxCloakMount Manual? 0 Play Time 00:56:21 Cumulative 3.1 hours Start 2024.04.29 @ 10:11:01 End 2024.04.29 @ 11:06:10 Sessions 1 Manual Loads 0 Difficulty Rogue Special Mode None Game No. 4 Rogue 4 Adventurer 0 Explorer 0 Win Type - Total 0 Types 0/0/0/0/0/0/0/0/0 Lore% 1 Gallery% 6 Achievement% 6 Wizard Run 0 Options --------- Layout 2 ASCII 0 Keyboard 0 Movement Mouse Keybinds 0 Fullscreen 1 Font 24/Crisp Map View 50x44 Zoom Use 0% Tactical HUD 1 Map Filters NONE Filters NONE Steam 1 RUN: bd408bb5-4bdc-4b87-bf60-50e48e68921b